 Dungeon Crawl Stone Soup version 0.24-a0-201-gf205589 (webtiles) character file.

Game seed: 1683441993258597740

27 Ivan the Skirmisher (level 2, 0/24 HPs)
             Began as a Demonspawn Abyssal Knight on Mar 24, 2019.
             Was an Initiate of Lugonu.
             Succumbed to a worker ant's poison
             ... on level 2 of the Dungeon.
             The game lasted 00:02:48 (806 turns).

Ivan the Skirmisher (Demonspawn Abyssal Knight)      Turns: 806, Time: 00:02:49

Health: 0/24       AC: 10    Str: 12    XL:     2   Next: 93%
Magic:  3/4        EV:  9    Int: 13    God:    Lugonu [......]
Gold:   67         SH:  0    Dex: 12    Spells: 1/1 levels left

rFire    . . .     SeeInvis .   a - +1 mace
rCold    . . .     Gourm    .   (no shield)
rNeg     . . .     Faith    .   b - +0 scale mail
rPois    .         Spirit   +   (no helmet)
rElec    .         Reflect  .   e - +2 cloak
rCorr    .         Harm     .   d - +0 pair of gloves (curse)
MR       .....                  (no boots)
Stlth    ..........             (no amulet)
HPRegen  0.08/turn              (no ring)
MPRegen  0.09/turn              (no ring)

@: lethally poisoned (0 -> -3)
A: magic shield
a: Renounce Religion


You were on level 2 of the Dungeon.
You worshipped Lugonu.
Lugonu was noncommittal.
You were not hungry.

You visited 1 branch of the dungeon, and saw 2 of its levels.
You visited the Abyss 1 time.

You collected 67 gold pieces.

Inventory:

Hand Weapons
 a - a +1 mace (weapon)
Armour
 b - a +0 scale mail (worn)
 d - a cursed +0 pair of gloves (worn)
 e - a +2 cloak (worn)
Comestibles
 c - a ration


   Skills:
 + Level 3.4 Fighting
 + Level 2.3 Maces & Flails
 + Level 1.9 Armour
 + Level 1.0 Dodging
 + Level 0.2 Stealth
 + Level 2.8 Invocations


You had one spell level left.
You didn't know any spells.
Your spell library was empty.

Dungeon Overview and Level Annotations

Branches:
Dungeon (2/15)

Altars:

Annotations:
D:2 1 runed translucent door, Crazy Yiuf


Innate Abilities, Weirdness & Mutations

When hurt, damage is shared between your health and your magic reserves.


Message History

The worker ant bites you but does no damage.
You aren't carrying any potions.
As you read the scroll labeled DYHEVIUWEL, it crumbles to dust.
You hear a loud clanging noise!
It was a scroll of noise.
You hear a shout! x2; You hear an angry hiss.
The worker ant barely misses you.
You hear an angry hiss.
As you read the scroll labeled UKHLUN ZIFEISCHARO, it crumbles to dust.
You feel strangely unstable.
It was a scroll of teleportation.
* * * LOW HITPOINT WARNING * * *
You feel sick. The worker ant bites you.
* * * LOW HITPOINT WARNING * * *
* * * LOW HITPOINT WARNING * * *
You feel sick. The worker ant barely misses you.
Your surroundings suddenly seem different.
* * * LOW HITPOINT WARNING * * *
You feel sick.
There is a lethal amount of poison in your body!
You die...

#.>.# ... ###.#
##.## #.###...####
#.#...#.)..##
#.#.#...#..<###
#.#.##........#
#.#.##..#.....#
#.#.##........##♣♣
#.@.....##.#...#.♣♣
###.######.#......♣
#.######.##......
#.....†..###.#..♣
########## ###♣♣♣


There were no monsters in sight!

Vanquished Creatures
  An adder (D:2)
  A worm (D:2)
  3 bats
  2 hobgoblins
  A quokka (D:2)
  A ball python (D:1)
  3 goblins
  2 kobolds (D:1)
  A rat (D:1)
15 creatures vanquished.

Notes
Turn   | Place    | Note
-------+----------+-------------------------------------------
     0 | Abyss:1  | Ivan the Demonspawn Abyssal Knight began the quest for the
                  | Orb.
     0 | Abyss:1  | Reached XP level 1. HP: 18/18 MP: 2/2
    80 | Abyss:1  | Noticed a large abomination
    81 | D:1      | Escaped the Abyss
   367 | D:1      | Gained mutation: When hurt, damage is shared between your
                  | health and your magic reserves. [demonic ancestry]
   367 | D:1      | Reached XP level 2. HP: 24/24 MP: 4/4
   688 | D:2      | Found a runed translucent door.
   689 | D:2      | Noticed Crazy Yiuf
   708 | D:2      | Reached skill level 1 in Dodging
   799 | D:2      | HP: 1/24 [poisoned by a worker ant]
   806 | D:2      | Succumbed to a worker ant's poison

Levels and vault maps discovered:
D:1:      dpeg_arrival_shelter, layout_basic, kennysheep_small_spiral
D:2:      layout_loops_ring, nicolae_overflow_crystal_walls,
          dancing_weapons_uskayaw, grunt_dithmenos_smoke_and_mirrors,
          kennysheep_generic_room_8, uniq_crazy_yiuf_cottage
Abyss:1

Skill      XL: |  1  2 |
---------------+-------+-----
Maces & Flails | 2 |  2.3
Dodging        | 1 |  1.0
Fighting       | |  3.4
Armour         | |  1.9
Stealth        | |  0.2
Invocations    | |  2.8

Action                   || total
-------------------------++-------
Melee: Mace              ||    52
Invok: Depart the Abyss  ||     1
  Use: Scroll            ||     2
Armor: Scale mail        ||    24
       Ring mail         ||     3
       Leather armour    ||     1
Dodge: Dodged            ||    28

Table legend:
 A = Non-vault XP
 B = Vault XP
 C = Vault XP percentage of total XP
 D = Non-vault monster count
 E = Vault monster count
 F = Vault count percentage of total count
                 A         B        C        D         E       F
            +---------+---------+-------+---------+---------+-------
      Total |      39 |       0 |   0.0 |      15 |       0 |   0.0
            +---------+---------+-------+---------+---------+-------
        D:1 |      13 |       0 |   0.0 |       9 |       0 |   0.0
        D:2 |      26 |       0 |   0.0 |       6 |       0 |   0.0
            +---------+---------+-------+---------+---------+-------
